 Dungeon Crawl Stone Soup version 0.25-a0-366-g516bc45 (webtiles) character file.

Game seed: 6795574761682171079, levelgen mode: deterministic

749 BoldlyKoingNowhere the Charlatan (level 8, 0/48 HPs)
             Began as a Kobold Artificer on Jan 6, 2020.
             Succumbed to an orc wizard's poison
             ... on level 4 of the Dungeon.
             The game lasted 00:10:57 (6704 turns).

BoldlyKoingNowhere the Charlatan (Kobold Artificer) Turns: 6704, Time: 00:10:58

Health: 0/48       AC:  9    Str: 11    XL:     8   Next: 6%
Magic:  12/12      EV: 15    Int: 13    God:
Gold:   200        SH:  0    Dex: 15    Spells: 7/7 levels left

rFire    . . .     SeeInvis .   a - +0 short sword
rCold    . . .     Gourm    .   (shield restricted)
rNeg     . . .     Faith    .   y - +4 ring mail
rPois    .         Spirit   .   (no helmet)
rElec    .         Reflect  .   (no cloak)
rCorr    .         Harm     .   (no gloves)
MR       .....                  (no boots)
Stlth    ++........             (no amulet)
HPRegen  0.16/turn              (no ring)
MPRegen  0.13/turn              (no ring)

@: lethally poisoned (0 -> -30)
A: small, carnivore
a: no special abilities


You were on level 4 of the Dungeon.
You were completely stuffed.

You visited 1 branch of the dungeon, and saw 5 of its levels.

You collected 200 gold pieces.

Inventory:

Hand Weapons
 a - a +0 short sword (weapon)
 b - a +0 hunting sling of freezing
Missiles
 m - 21 sling bullets
 o - 49 stones (quivered)
 r - a throwing net
 z - 13 poisoned darts
Armour
 y - a +4 ring mail (worn)
Jewellery
 i - an uncursed ring of magical power {unknown}
Wands
 c - a wand of flame (12)
 d - a wand of enslavement (12)
 e - a wand of random effects (15)
Scrolls
 h - 3 scrolls of remove curse
 j - a scroll of magic mapping
 k - a scroll of fog {unknown}
 l - 2 scrolls of amnesia
 q - a scroll of teleportation {unknown}
 w - a scroll of enchant armour {unknown}
Potions
 g - a potion of agility
 s - 2 potions of brilliance
 t - 2 potions of might
 u - a potion of haste {unknown}
 x - a potion of heal wounds {unknown}
 A - a potion of magic
 B - a potion of curing {unknown}
 D - a potion of flight {unknown}
Comestibles
 f - 13 rations
 C - a chunk of flesh


   Skills:
 + Level 4.1 Fighting
 + Level 4.9 Short Blades
 + Level 4.9 Dodging
 + Level 5.3 Stealth
 + Level 5.7 Evocations


You had 7 spell levels left.
You didn't know any spells.
Your spell library was empty.

Dungeon Overview and Level Annotations

Branches:
Dungeon (5/15)
 Temple: D:4-7

Altars:
The Shining One

Annotations:
D:3 2 runed translucent doors, puppykicker's ghost, amateur OpVM
D:5 Ijyb


Innate Abilities, Weirdness & Mutations

You are small and have problems with some larger weapons.
You are carnivorous and can eat meat at any time.


Message History

The orc misses you. The orc wizard misses you.
It was a potion of magic.
Magic courses through your body.
* * * LOW HITPOINT WARNING * * *
You feel sick. The orc wizard closely misses you. The orc closely misses you.
The orc wizard hits you but does no damage.
You are more poisoned.
It was a potion of lignification.
You turn into a tree.
Your +4 ring mail melds into your body.
Your roots penetrate the ground.
* * * LOW HITPOINT WARNING * * *
You feel very sick. The orc barely misses you.
The orc wizard mumbles some strange words.
The orc wizard blinks!
It was a potion of cancellation.
Your magical effects are unravelling.
You feel magically purged.
You feel less wooden.
Your +4 ring mail unmelds from your body.
Your resistance to elements expires.
You die...

#.# #..........# ##...##...#...
#.# #..........###..###...#####
..# #..........##.......#.#....
.## #..........##.#.####..'...[
.# ##...............# #.###### .#
#..........###.### #.#..... ##
##...........#..# ###.#.....
#####<...........o.## #...#.....
##....#...o.....@### ##.#.######
....###..........######..#..'....
....# #.....................#....
....# ##........###.........#####
....# ##.......# #..........#.).
..(<# #######.####.......#.##.#
##### ##.....##..>..##....#รท#
##...................)..
#.....................##


You could see an orc wizard and an orc.

Vanquished Creatures
  Menkaure (D:4)
  An ogre (D:4)
  2 scorpions (D:4)
  A howler monkey (D:4)
  An orc priest (D:3)
  A bullfrog skeleton (D:4)
  2 hounds
  A centaur skeleton (D:4)
  2 worker ants (D:4)
  A hound skeleton (D:2)
  3 gnolls (D:2)
  8 adders
  An ooze (D:1)
  2 worms (D:2)
  2 dart slugs (D:2)
  2 leopard geckos
  7 orcs
  5 giant cockroaches
  4 goblins
  8 hobgoblins
  12 jackals
  4 quokkas (D:2)
  4 bats
  2 frilled lizards
  7 kobolds
  A leopard gecko zombie (D:4)
  2 quokka skeletons (D:4)
  8 rats
95 creatures vanquished.

Vanquished Creatures (others)
  A gnoll (D:2)
1 creature vanquished.

Grand Total: 96 creatures vanquished

Notes
Turn   | Place    | Note
-------+----------+-------------------------------------------
     0 | D:1      | BoldlyKoingNowhere the Kobold Artificer began the quest for
                  | the Orb.
     0 | D:1      | Reached XP level 1. HP: 12/12 MP: 3/3
   411 | D:1      | Reached XP level 2. HP: 8/16 MP: 4/4
   993 | D:1      | Reached XP level 3. HP: 20/20 MP: 5/5
  2032 | D:2      | Reached XP level 4. HP: 25/26 MP: 7/7
  2567 | D:2      | Found a glowing golden altar of the Shining One.
  2793 | D:2      | Reached XP level 5. HP: 21/31 MP: 8/8
  4381 | D:3      | Reached XP level 6. HP: 18/36 MP: 9/9
  5301 | D:3      | Found a large runed translucent door.
  5301 | D:3      | Found a large runed translucent door.
  5302 | D:3      | Noticed puppykicker's ghost (amateur OpVM)
  5539 | D:4      | Noticed an ogre
  5626 | D:4      | Noticed Menkaure
  5630 | D:4      | Killed Menkaure
  5630 | D:4      | Reached skill level 5 in Evocations
  5630 | D:4      | Reached XP level 7. HP: 41/41 MP: 10/10
  6356 | D:4      | Reached skill level 5 in Stealth
  6604 | D:5      | Entered Level 5 of the Dungeon
  6609 | D:5      | Noticed Ijyb
  6620 | D:4      | Reached XP level 8. HP: 48/48 MP: 12/12
  6704 | D:4      | Succumbed to an orc wizard's poison

Levels and vault maps discovered:
D:1:      minmay_arrival_open_corners, layout_basic
D:2:      layout_basic, nicolae_overflow_hidden_temple, first_ration
D:3:      layout_basic, ebering_ghost_disaster_area
D:4:      layout_rooms, minmay_divided_ellipse, uniq_menkaure
D:5:      layout_rooms, led_xom_imps, minmay_temple_entry_poolview, uniq_ijyb

Skill      XL: |  1  2  3  4  5  6  7 |
---------------+----------------------+-----
Stealth        | 2 3 4 5 |  5.3
Short Blades   | 2 3 4 |  4.9
Evocations     | 4 5 |  5.7
Fighting       | 2 3 4 |  4.1
Dodging        | 3 4 |  4.9

Action                   |  1- 3 |  4- 6 |  7- 9 || total
-------------------------+-------+-------+-------++-------
Melee: Short sword       |   102 |   196 |   163 ||   461
 Fire: Hunting sling     |    26 |    78 |    25 ||   129
Evoke: Wand              |     2 |     3 |     1 ||     6
  Use: Scroll            |       |     5 |       ||     5
       Potion            |       |       |     4 ||     4
 Stab: Sleeping          |     2 |       |       ||     2
  Eat: Chunk             |    12 |    10 |     5 ||    27
Armor: Leather armour    |    19 |    19 |       ||    38
       Ring mail         |       |     9 |    38 ||    47
Dodge: Dodged            |    86 |   146 |   127 ||   359

Table legend:
 A = Non-vault XP
 B = Vault XP
 C = Vault XP percentage of total XP
 D = Non-vault monster count
 E = Vault monster count
 F = Vault count percentage of total count
                 A         B        C        D         E       F
            +---------+---------+-------+---------+---------+-------
      Total |     789 |     282 |  26.3 |      85 |      10 |  10.5
            +---------+---------+-------+---------+---------+-------
        D:1 |      33 |       0 |   0.0 |      17 |       0 |   0.0
        D:2 |     175 |       0 |   0.0 |      35 |       0 |   0.0
        D:3 |     122 |       0 |   0.0 |      22 |       0 |   0.0
        D:4 |     410 |     282 |  40.8 |       9 |      10 |  52.6
        D:5 |      49 |       0 |   0.0 |       2 |       0 |   0.0
            +---------+---------+-------+---------+---------+-------
